 Dungeon Crawl Stone Soup version 0.20.1-1-g8b1a95d (webtiles) character file.

356 Reeggar the Sneak (level 6, -5/50 HPs)
             Began as a Demigod Assassin on Oct 17, 2017.
             Slain by a gnoll
             ... wielding a +0 spear
              (6 damage)
             ... on level 4 of the Dungeon.
             The game lasted 00:15:30 (4399 turns).

Reeggar the Sneak (Demigod Assassin)                Turns: 4399, Time: 00:15:30

Health: -5/50      AC:  7    Str: 18    XL:     6   Next: 13%
Magic:  8/8        EV: 12    Int: 15    God:
Gold:   83         SH:  0    Dex: 19    Spells: 5/5 levels left

rFire    + . .     SeeInvis .   a - +2 dagger
rCold    . . .     Gourm    .   (no shield)
rNeg     . . .     Faith    .   h - +0 ring mail {rF+}
rPois    .         Spirit   .   (no helmet)
rElec    .         Reflect  .   d - +0 cloak
rCorr    .         Harm     .   (no gloves)
MR       .....                  (no boots)
Stlth    ++........             (no amulet)
Regen    0.2/turn               (no ring)
MPRegen  0.2/turn               (no ring)

@: hasted, very quick
A: high mp 1, shaggy fur 1, strong 1, evolution 1, MP-powered wands
a: no special abilities


You were on level 4 of the Dungeon.
You were not hungry.

You visited 1 branch of the dungeon, and saw 4 of its levels.

You collected 83 gold pieces.

Inventory:

Hand Weapons
 a - a +2 dagger (weapon)
 b - a +0 blowgun
 y - a +0 rapier
Missiles
 e - 7 poisoned needles (quivered)
 f - a curare-tipped needle
Armour
 c - a +0 robe
 d - a +0 cloak (worn)
 h - a +0 ring mail of fire resistance (worn)
Scrolls
 j - a scroll of magic mapping
 l - a scroll of enchant armour {unknown}
 n - a scroll of immolation {unknown}
 o - a scroll of blinking {unknown}
 q - 4 scrolls of identify
 s - 4 scrolls of remove curse {unknown}
 x - 3 scrolls of recharging {unknown}
Potions
 m - a potion of mutation
 p - a potion of haste
 r - a potion of lignification {unknown}
 t - a potion of brilliance {unknown}
 u - a potion of cancellation {unknown}
 v - a potion of degeneration {unknown}
Comestibles
 g - 3 bread rations
 i - a royal jelly
 w - a meat ration
 z - a chunk of flesh


   Skills:
 + Level 2.9 Fighting
 + Level 3.4 Short Blades
 + Level 2.1 Throwing
 + Level 2.4 Armour
 + Level 2.4 Dodging
 + Level 4.4 Stealth


You had 5 spell levels left.
You didn't know any spells.

Dungeon Overview and Level Annotations

Branches:
Dungeon (4/15)
 Temple: D:4-7


Innate Abilities, Weirdness & Mutations

You have an increased reservoir of magic. (+10% MP)
You are covered in fur. (AC +1)
Your muscles are strong. (Str +2)
You evolve.
You expend magic power (3 MP) to strengthen your wands.


Message History

The gnoll shaman barely misses you.
The gnoll hits you from afar with a spear!
* * * LOW HITPOINT WARNING * * *
You hit the gnoll shaman but do no damage.
The gnoll shaman is severely wounded.
The gnoll shaman hits you but does no damage.
The gnoll hits you from afar with a spear!
* * * LOW HITPOINT WARNING * * *
You hit the gnoll shaman.
The gnoll shaman is almost dead.
You closely miss the gnoll shaman.
The gnoll shaman is almost dead.
The gnoll closely misses you.
The gnoll shaman hits you but does no damage.
You hit the gnoll shaman.
You kill the gnoll shaman!
The gnoll completely misses you.
It was a potion of haste.
You feel yourself speed up.
The gnoll hits you from afar with a spear.
You die...

#### # #... # ###... #
##########..... #
##.##........... #
##...#.###.#..... #
.#..####......# #.≈≈.≈≈. #
.....g)@......# #.≈#'#≈. #
.#########.#### #..'_'.. # #.#
#.# ##≈#'#≈# # #.# #.# #≈≈.≈≈# #
#.# ##'## ###.#.# # #.### ##...##
#.#.. # #...# ##.....## #.### #
##.#.# ##>......## ##.##
########....###.........####...##


You could see a gnoll.

Vanquished Creatures
  An ogre (D:4)
  A crimson imp (D:3)
  A gnoll shaman (D:4)
  A worker ant (D:4)
  Robin (D:2)
  2 gnolls (D:4)
  7 adders
  An ooze (D:2)
  A worm (D:2)
  2 dart slugs
  2 leopard geckos
  A giant cockroach (D:1)
  20 goblins
  12 hobgoblins
  7 jackals
  9 kobolds
  2 quokkas (D:3)
  2 ball pythons
  5 bats
  4 frilled lizards
  4 rats
  A plant (D:2)
87 creatures vanquished.

Notes
Turn   | Place    | Note
-------+----------+-------------------------------------------
     0 | D:1      | Reeggar the Demigod Assassin began the quest for the Orb.
     0 | D:1      | Reached XP level 1. HP: 17/17 MP: 3/3
   446 | D:1      | Reached XP level 2. HP: 22/24 MP: 4/4
   471 | D:1      | Reached skill level 4 in Stealth
   622 | D:1      | Reached skill level 1 in Dodging
  1264 | D:2      | Reached XP level 3. HP: 29/29 MP: 5/5
  1303 | D:2      | Reached skill level 1 in Armour
  2073 | D:2      | Noticed Robin
  2080 | D:2      | Reached XP level 4. HP: 26/37 MP: 6/6
  2147 | D:2      | Killed Robin
  2751 | D:3      | Found a basalt altar of Yredelemnul.
  3083 | D:3      | Reached XP level 5. HP: 37/42 MP: 7/7
  3857 | D:4      | Noticed an ogre
  3870 | D:4      | Killed an ogre
  4327 | D:4      | Found a stormy altar of Qazlal.
  4372 | D:4      | Reached XP level 6. HP: 46/50 MP: 8/8
  4391 | D:4      | Gained mutation: You expend magic power (3 MP) to strengthen your wands. [potion of mutation]
  4391 | D:4      | Gained mutation: You evolve. [potion of mutation]
  4391 | D:4      | Gained mutation: You are covered in fur. (AC +1) [potion of mutation]
  4391 | D:4      | Gained mutation: Your muscles are strong. (Str +2) [potion of mutation]
  4395 | D:4      | HP: 1/50 [gnoll/spear (8)]
  4399 | D:4      | Slain by a gnoll

Skill      XL: |  1  2  3  4  5 |
---------------+----------------+-----
Short Blades   | 2 3 |  3.4
Fighting       | 2 |  2.9
Stealth        | 4 |  4.4
Dodging        | 1 2 |  2.4
Armour         | 1 2 |  2.4
Throwing       | 2 |  2.1

Action                   |  1- 3 |  4- 6 || total
-------------------------+-------+-------++-------
Melee: Dagger            |   318 |   266 ||   584
 Fire: Blowgun           |       |    10 ||    10
  Use: Scroll            |     2 |     1 ||     3
       Potion            |       |     4 ||     4
 Stab: Sleeping          |     2 |     2 ||     4
  Eat: Chunk             |     4 |     3 ||     7
       Meat ration       |       |     1 ||     1
Armor: Robe              |    13 |       ||    13
       Ring mail         |    90 |    89 ||   179
Dodge: Dodged            |   147 |   137 ||   284
